 Dungeon Crawl Stone Soup version 0.30.0-13-g156ef70053 (webtiles) character file.

Game seed: 10814661369934508064

134 Daunt the Chopper (level 4, -1/37 HPs)
             Began as a Minotaur Gladiator on May 17, 2023.
             Succumbed to an orc wizard's poison
             ... on level 3 of the Dungeon.
             The game lasted 00:02:41 (2083 turns).

Daunt the Chopper (Minotaur Gladiator)              Turns: 2083, Time: 00:02:41

Health: -1/37      AC:  6    Str: 20    XL:     4   Next: 95%
Magic:  3/3        EV: 10    Int:  9    God:
Gold:   142        SH:  0    Dex: 10    Spells: 3/3 levels left

rFire   . . .        a - +0 war axe
rCold   . . .        (no shield)
rNeg    . . .        s - +0 scale mail
rPois   .            c - +0 hat
rElec   .            (no cloak)
rCorr   .            (no gloves)
SInv    .            (no boots)
Will    .....        (no amulet) Stlth
                     (no ring)
HPRegen 0.26/turn    (no ring)
MPRegen 0.08/turn

%: no passive effects
@: lethally poisoned (-1 -> -13), attractive
A: horns 2, retaliatory headbutt, clever 1, evolution 1
a: no special abilities


You were on level 3 of the Dungeon.
You visited 1 branch of the dungeon, and saw 3 of its levels.

You collected 142 gold pieces.

Inventory:

Hand Weapons
 a - a +0 war axe (weapon)
 t - a +0 sling
Missiles
 d - 3 throwing nets (quivered)
 e - a javelin
 f - 31 stones
 o - 6 poisoned darts
Armour
 b - a +0 leather armour
 c - a +0 hat (worn)
 s - a +0 scale mail (worn)
Jewellery
 n - a ring of resist corrosion
Scrolls
 i - a scroll of silence {unknown}
 k - a scroll of magic mapping {unknown}
 m - 3 scrolls of teleportation {unknown}
 q - a scroll of fog {unknown}
 r - a scroll of identify {unknown}
 v - a scroll of fear {unknown}
Potions
 g - a potion of cancellation
 h - a potion of attraction
 j - a potion of invisibility {unknown}
 l - a potion of curing {unknown}
 p - a potion of mutation
 u - a potion of lignification {unknown}


   Skills:
 - Level 2.4 Fighting
 + Level 6.9 Axes
 - Level 2.0 Throwing
 - Level 3.2 Dodging


You had 3 spell levels left.
You didn't know any spells.
Your spell library contained the following spells:

 Spells                   Type           Power      Damage    Failure   Level
 Foxfire                  Conj/Fire      0%         2x1d4     77%         1
 Dazzling Flash           Conj/Hex       0%         N/A       98%         3
 Volatile Blastmotes      Fire/Tloc      0%         2d10      98%         3
 Animate Dead             Necr           0%         N/A       100%        4
 Iskenderun's Mystic Bla  Conj/Tloc      0%         2d3       100%        4
 Borgnjor's Vile Clutch   Necr/Erth      0%         N/A       100%        5
 Fireball                 Conj/Fire      0%         3d3       100%        5
 Death Channel            Necr           0%         N/A       100%        6
 Plasma Beam              Fire/Air       0%         2x1d11    100%        6
 Starburst                Conj/Fire      0%         6d3       100%        6


Dungeon Overview and Level Annotations

Branches:
Dungeon (3/15)

Altars:


Innate Abilities, Weirdness & Mutations

You have a pair of horns on your head.
You reflexively headbutt those who attack you in melee.
Your mind is acute. (Int +4, Str/Dex -1)
You have hidden genetic potential.


Message History

Found a stone staircase leading down.
The orc closely misses you. Something hits you.
You are poisoned.
You hit the orc.
The orc is heavily wounded.
You miss something.
You feel very sick. The orc hits you but does no damage.
Something hits you but does no damage.
You are more poisoned.
You hit the orc.
You kill the orc!
You miss something.
You feel very sick. Something hits you.
You are lethally poisoned!
No target in view!
No target in view!
No target in view!
Unknown command.
Unknown command.
It was a potion of cancellation.
You feel magically purged.
You feel very sick.
You hear some strange, mumbled words.
A magic dart appears from out of thin air!
The magic dart hits you.
* * * LOW HITPOINT WARNING * * *
It was a potion of attraction.
You feel attractive to monsters.
* * * LOW HITPOINT WARNING * * *
You feel very sick.
You hear some strange, mumbled words.
A magic dart appears from out of thin air!
The magic dart hits you.
* * * LOW HITPOINT WARNING * * *
Unknown command.
Unknown command.
It was a potion of mutation.
You feel extremely strange.
You feel clever.
You feel a hidden potential growing inside you.
You die...

.......#.# #.#
#.###).#.# #.# ..#
##†#.# #.# #.#
#<#.# #.####### #.#
#.#.# #.##....# #.#
#.#.###.##... #.#
#.#..##.##.# #####
#†#
#..........##.....>
#.#
####......)@)......
#.##
##.#....{########
...#####.###..###
........## ##.#
...#####.# ..# #.##
#.#.#.. ### #.#####
###


There were no monsters in sight!

Vanquished Creatures
  An orc wizard (D:3)
  4 gnolls (D:3)
  3 adders
  A dart slug (D:1)
  2 orcs (D:3)
  4 giant cockroaches
  4 hobgoblins
  4 kobolds
  2 quokkas (D:1)
  4 ball pythons
  2 bats (D:1)
  3 frilled lizards
  7 goblins
  4 rats
45 creatures vanquished.

Notes
Turn   | Place    | Note
-------+----------+-------------------------------------------
     0 | D:1      | Daunt the Minotaur Gladiator began the quest for the Orb.
     0 | D:1      | Reached XP level 1. HP: 18/18 MP: 0/0
    57 | D:1      | Reached skill level 4 in Axes
    80 | D:1      | Reached XP level 2. HP: 23/25 MP: 1/1
   744 | D:1      | Reached skill level 5 in Axes
   970 | D:2      | Reached XP level 3. HP: 26/30 MP: 2/2
  1840 | D:3      | Reached skill level 6 in Axes
  1840 | D:3      | Reached XP level 4. HP: 32/37 MP: 3/3
  2083 | D:3      | Gained mutation: Your mind is acute. (Int +4, Str/Dex -1)
                  | [potion of mutation]
  2083 | D:3      | Gained mutation: You have hidden genetic potential. [potion
                  | of mutation]
  2083 | D:3      | Succumbed to an orc wizard's poison

Illustrated notes

Levels and vault maps discovered:
D:1:      psy_arrival_terrarium, layout_basic
D:2:      layout_basic, minmay_pentomino_z4
D:3:      layout_loops_ring, vehumet_statue, cheibriados_altar_1,
          serial_bayou_pond_a

Skill      XL: |  1  2  3 |
---------------+----------+-----
Axes           | 4 5 6 |  6.9
Fighting       | |  2.4
Throwing       | |  2.0
Dodging        | |  3.2

Action                     |  1- 3 |  4- 6 || total
---------------------------+-------+-------++-------
  Melee: War axe           |    68 |    19 ||    87
         Headbutt          |     7 |     2 ||     9
         Punch             |     1 |     1 ||     2
    Use: Potion            |       |     3 ||     3
 Armour: Leather armour    |    10 |       ||    10
         Scale mail        |     2 |    11 ||    13
  Dodge: Dodged            |    51 |     9 ||    60
